AoeStats
← Nixo_89

Black Forest

509764069Analyzed
3v3 RM · 6d ago on Sep 27, 2026· 51m 1s· 6 players
Game mode
Random Map
Map size
Normal (6 player)
Population
200
Speed
Normal
Resources
Standard
Victory
Conquest
Starting age
Dark Age
Ending age
Imperial Age
RankedLock teamsTeams togetherTeam positionsShared explorationLock speedFull tech treeHidden civsTurbo modeCheats
Victory
Defeat
🇦🇷 Berbers · Argentina
1042
+14
🇨🇦 Britons · Canada
1000
+16
🇨🇱 Celts · Chile
995
+15
🇨🇱 Mongols · Chile
1015
-16
🇬🇧 Byzantines · United Kingdom
985
-15
🇷🇺 Franks · Russia
973
-14
shamannking1993
1:04 Loom
16:14 Feudal Age
16:59 Double-Bit Axe
17:52 Wheelbarrow
17:04 Fishing Lines
20:50 Castle Age
21:46 Hand Cart
29:47 Caravan
30:57 Ordonnance Companies
31:06 Ordonnance Companies
35:22 Imperial Age
34:09 Husbandry
33:31 Light Cavalry
36:33 Forging
36:24 Scale Mail Armor
36:29 Scale Barding Armor
37:02 Chivalry
39:36 Iron Casting
39:17 Chain Mail Armor
38:53 Fletching
38:54 Cavalier
39:40 Padded Archer Armor
41:52 Paladin
43:36 Blast Furnace
43:06 Plate Mail Armor
43:40 Onager
Randinator
0:27 Loom
13:09 Feudal Age
18:36 Castle Age
18:39 Double-Bit Axe
18:47 Gold Mining
18:37 Horse Collar
18:50 Stone Mining
19:32 Crossbowman
23:19 Wheelbarrow
23:36 Fletching
26:44 Scale Barding Armor
27:15 Bow Saw
28:49 Hand Cart
33:09 Imperial Age
32:07 Bodkin Arrow
32:22 Thumb Ring
32:23 Padded Archer Armor
32:59 Husbandry
33:17 Forging
33:20 Arbalester
35:33 Bracer
35:03 Cavalier
37:13 Paladin
38:28 Ballistics
39:15 Conscription
39:55 Iron Casting
40:57 Chain Barding Armor
42:50 Two-Man Saw
42:27 Gold Shaft Mining
43:51 Elite Skirmisher
46:01 Plate Barding Armor
48:20 Pikeman
49:01 Squires
49:08 Scale Mail Armor
49:52 Halberdier
canaed
0:28 Loom
12:01 Feudal Age
19:27 Castle Age
18:19 Double-Bit Axe
18:26 Horse Collar
20:56 Bow Saw
26:31 Gold Mining
28:28 Stone Mining
29:44 Heavy Plow
34:26 Imperial Age
34:08 Wheelbarrow
33:39 Fletching
35:13 Bodkin Arrow
34:41 Onager
36:45 Gold Shaft Mining
36:48 Drill
37:46 Stone Shaft Mining
38:09 Bracer
39:38 Chemistry
39:09 Siege Engineers
39:37 Caravan
40:20 Hand Cart
41:23 Padded Archer Armor
40:47 Elite Mangudai
45:28 Ballistics
47:46 Hoardings
48:40 Elite Skirmisher
Nixo_89
0:49 Loom
14:06 Feudal Age
20:18 Castle Age
18:42 Double-Bit Axe
20:32 Horse Collar
25:35 Heavy Plow
27:54 Bow Saw
32:58 Imperial Age
30:39 Fletching
30:52 Gold Mining
31:41 Bodkin Arrow
32:12 Fortified Wall
32:58 Gold Shaft Mining
33:36 Ballistics
34:20 Conscription
35:40 Wheelbarrow
35:37 Yeomen
37:10 Chemistry
36:22 Masonry
36:21 Siege Engineers
36:35 Caravan
37:00 Elite Longbowman
38:39 Masonry
38:49 Hand Cart
38:21 Town Watch
39:14 Elite Skirmisher
40:49 Bracer
40:50 Padded Archer Armor
42:36 Leather Archer Armor
43:59 Scale Mail Armor
44:31 Ring Archer Armor
47:30 Hoardings
Andrew
7:32 Loom
11:48 Feudal Age
15:58 Castle Age
14:30 Double-Bit Axe
14:58 Horse Collar
23:37 Bow Saw
24:58 Stone Mining
25:15 Heavy Plow
30:23 Imperial Age
28:30 Wheelbarrow
27:40 Town Watch
28:56 Town Patrol
29:43 Ballistics
30:42 Fletching
30:52 Padded Archer Armor
31:37 Hand Cart
31:09 Treadmill Crane
32:04 Crop Rotation
32:36 Chemistry
31:42 Siege Engineers
31:46 Bodkin Arrow
31:58 Scale Barding Armor
32:35 Leather Archer Armor
32:31 Forging
32:39 Masonry
32:11 Treadmill Crane
33:13 Kasbah
33:18 Husbandry
34:59 Bloodlines
34:52 Maghrebi Camels
35:43 Ring Archer Armor
35:14 Bracer
35:52 Fortified Wall
38:21 Iron Casting
38:06 Chain Barding Armor
37:11 Elite Camel Archer
38:12 Conscription
38:04 Caravan
37:44 Heavy Camel Rider
38:39 Gold Mining
40:57 Blast Furnace
40:32 Plate Barding Armor
40:51 Squires
40:37 Arson
40:12 Pikeman
41:44 Light Cavalry
44:11 Hussar
51:20 Thumb Ring
[GP] Stargazer
0:56 Loom
13:11 Feudal Age
16:28 Wheelbarrow
18:03 Castle Age
17:53 Man-at-Arms
18:42 Horse Collar
20:01 Arson
20:54 Gambesons
21:02 Long Swordsman
26:14 Wheelbarrow
26:26 Double-Bit Axe
29:01 Hand Cart
31:29 Scale Mail Armor
31:40 Forging
31:25 Town Watch
34:40 Imperial Age
32:36 Town Watch
32:55 Gold Mining
32:57 Stone Mining
35:10 Bow Saw
34:53 Two-Handed Swordsman
35:57 Fletching
36:57 Chain Mail Armor
37:17 Iron Casting
36:05 Pikeman
37:56 Onager
39:48 Gold Shaft Mining
40:48 Plate Mail Armor
41:18 Blast Furnace
40:41 Town Patrol
41:16 Furor Celtica
42:41 Bodkin Arrow
43:08 Ballistics
43:48 Chemistry
42:56 Siege Engineers
42:26 Sappers
43:17 Conscription
44:45 Stone Shaft Mining
44:26 Champion
46:43 Siege Onager
49:15 Fortified Wall
49:16 Masonry
49:29 Murder Holes
49:40 Halberdier
51:10 Padded Archer Armor
51:02 Guard Tower
50:57 Arrowslits
51:52 Hoardings
Connection lost

Rejoining the realm…

Still unreachable

The connection could not be restored.

Session expired

The server has moved on; the page needs a fresh start.